 Dungeon Crawl Stone Soup version 0.20.1-1-g8b1a95d (webtiles) character file.

1808 HammerPanzer the Basher (level 8, 0/67 HPs)
             Began as a Demonspawn Berserker on Oct 30, 2017.
             Was an Elder of Trog.
             Killed from afar by Dowan (2 damage)
             ... with a stone arrow
             ... on level 5 of the Dungeon.
             The game lasted 00:21:35 (5380 turns).

HammerPanzer the Basher (Demonspawn Berserker)      Turns: 5380, Time: 00:21:35

Health: 0/67       AC: 19    Str: 18    XL:     8   Next: 84%
Magic:  8/8        EV: 10    Int: 10    God:    Trog [****..]
Gold:   244        SH:  0    Dex: 13    Spells: 7/7 levels left

rFire    + . .     SeeInvis +   b - +0 dire flail
rCold    . . .     Gourm    .   (shield currently unavailable)
rNeg     . . .     Faith    .   r - +4 scale mail {MR+}
rPois    .         Spirit   .   h - +2 hat {SInv}
rElec    .         Reflect  .   g - +2 cloak
rCorr    .         Harm     .   q - +0 pair of gloves
MR       +....                  (no boots)
Stlth    +.........             (no amulet)
Regen    0.3/turn               e - ring of stealth
MPRegen  0.2/turn               (no ring)

@: berserk cooldown, slowed, very slow
A: molten scales 2, fire resistance 1
a: Berserk, Trog's Hand, Brothers in Arms, Burn Spellbooks, Renounce Religion


You were on level 5 of the Dungeon.
You worshipped Trog.
Trog was greatly pleased with you.
You were hungry.

You visited 1 branch of the dungeon, and saw 6 of its levels.

You collected 244 gold pieces.

Inventory:

Hand Weapons
 b - a +0 dire flail (weapon)
 m - a +0 whip of flaming
Armour
 g - a +2 cloak (worn)
 h - a +2 hat of see invisible (worn)
 q - a +0 pair of gloves (worn)
 r - a +4 scale mail of magic resistance (worn)
Jewellery
 e - a ring of stealth (left hand)
Wands
 f - a wand of iceblast (6/15)
 x - a wand of digging (5/24)
Scrolls
 d - 3 scrolls of teleportation
 i - a scroll of remove curse {unknown}
 s - 2 scrolls of recharging
 w - a scroll of fear {unknown}
Potions
 a - a potion of magic
 j - 2 potions of lignification
 k - a potion of curing
 l - a potion of cancellation
 n - a potion of invisibility
 o - 3 potions of brilliance
 u - 2 potions of flight
 z - a potion of degeneration {unknown}
 A - a potion of heal wounds
Comestibles
 c - 7 bread rations
 p - 2 royal jellies
 t - 3 meat rations


   Skills:
 + Level 7.2 Fighting
 * Level 9.1 Maces & Flails
 - Level 1.7 Armour
 - Level 1.7 Dodging


You had 7 spell levels left.
You didn't know any spells.

Dungeon Overview and Level Annotations

Branches:
Dungeon (6/15)
 Temple: D:4-7

Altars:
Dithmenos
Hepliaklqana
Kikubaaqudgha
Makhleb
Ru
Sif Muna
Xom

Annotations:
D:5 Dowan


Innate Abilities, Weirdness & Mutations

You are mostly covered in molten scales. (AC +3)
Your flesh is heat resistant. (rF+)


Message History

You are electrocuted!
Dowan gestures at you while chanting. The shard of ice misses you.
You closely miss Dowan.
Dowan is heavily wounded.
Dowan closely misses you. Dowan hits you but does no damage.
Dowan casts a spell.
Dowan blinks!
Dowan says, "Her death will not be in vain!"
Dowan mumbles some strange words.
Dowan blinks!
Dowan barely misses you.
Dowan hits you with a dagger of electrocution.
You are electrocuted!
* * * LOW HITPOINT WARNING * * *
Dowan hits you but does no damage. x2; You are electrocuted!
* * * LOW HITPOINT WARNING * * *
Dowan gestures at you while chanting. The stone arrow hits you!
You die...

....###'########..#.........#####
....#......##........#'#.........
....#......#.>..#......#.........
....#......#....#.e....#.........
....#......#....#......#.........
....#(.....#....#......#.........
....#......#....##.....#......(..
....#......#...e##.....#.......##
....#.##...##...@.[....#########.
.#)##.#######...##......'........
.#[[.......##...##......#........
.#......................#........
.)......................#........
.#......................#........
.########'########'###'##########
.................................
...............[.................


You could see Dowan.

Vanquished Creatures
  Pikel (D:5)
  Duvessa (D:5)
  An ogre (D:5)
  A necrophage (D:5)
  A centaur (D:5)
  The ghost of Linguinho the Magician, an amateur HuWz (D:5)
  Blork the orc (D:5)
  A scorpion (D:5)
  A vampire bat (D:3)
  A howler monkey (D:5)
  A crimson imp (D:5)
  A bullfrog zombie (D:4)
  3 orc priests
  3 hounds
  A centaur skeleton (D:5)
  An iguana (D:5)
  Terence (D:3)
  5 orc wizards
  2 worker ants (D:4)
  8 adders
  A shadow imp (D:5)
  2 adder skeletons (D:4)
  3 worms
  3 dart slugs
  3 leopard geckos
  17 orcs
  4 bat skeletons (D:3)
  2 bat zombies (D:3)
  3 giant cockroaches
  2 goblins
  10 hobgoblins
  12 jackals
  4 quokkas
  2 ball pythons
  6 bats
  5 frilled lizards
  A jackal skeleton (D:4)
  6 kobolds
  A leopard gecko skeleton (D:5)
  3 rats
  A plant (D:4)
127 creatures vanquished.

Vanquished Creatures (others)
  A slave (D:5)
  An orc priest (D:5)
2 creatures vanquished.

Grand Total: 129 creatures vanquished

Notes
Turn   | Place    | Note
-------+----------+-------------------------------------------
     0 | D:1      | HammerPanzer the Demonspawn Berserker began the quest for the Orb.
     0 | D:1      | Reached XP level 1. HP: 18/18 MP: 1/1
   199 | D:1      | Gained mutation: Your flesh is heat resistant. (rF+) [demonic ancestry]
   199 | D:1      | Reached XP level 2. HP: 14/24 MP: 2/2
   204 | D:1      | Reached skill level 3 in Maces & Flails
   900 | D:2      | Gained mutation: You are partially covered in molten scales. (AC +2) [demonic ancestry]
   900 | D:2      | Reached XP level 3. HP: 29/29 MP: 3/3
  1092 | D:2      | Reached ** piety under Trog
  1290 | D:2      | Found a deep blue altar of Sif Muna.
  1421 | D:2      | Reached XP level 4. HP: 37/37 MP: 4/4
  1612 | D:2      | Reached skill level 4 in Maces & Flails
  1895 | D:3      | Noticed Terence
  1906 | D:3      | Killed Terence
  1985 | D:3      | Gained mutation: You are mostly covered in molten scales. (AC +3) [demonic ancestry]
  1985 | D:3      | Reached XP level 5. HP: 42/42 MP: 5/5
  2423 | D:3      | Reached *** piety under Trog
  2525 | D:3      | Found an ancient bone altar of Kikubaaqudgha.
  2541 | D:3      | Reached skill level 5 in Maces & Flails
  2690 | D:4      | Reached XP level 6. HP: 47/49 MP: 6/6
  2869 | D:5      | Entered Level 5 of the Dungeon
  2876 | D:4      | Found a sacrificial altar of Ru.
  3115 | D:4      | Found a hazy altar of Hepliaklqana.
  3183 | D:4      | Reached skill level 5 in Fighting
  3331 | D:4      | Found a burning altar of Makhleb.
  3340 | D:4      | Reached skill level 6 in Maces & Flails
  3594 | D:5      | Reached XP level 7. HP: 44/56 MP: 7/7
  3691 | D:5      | Noticed Linguinho's ghost (amateur HuWz)
  3794 | D:5      | Found a shadowy altar of Dithmenos.
  3916 | D:5      | Reached skill level 7 in Maces & Flails
  4147 | D:5      | Noticed Pikel
  4272 | D:5      | Noticed Blork the orc
  4273 | D:5      | Noticed Dowan
  4457 | D:5      | Killed Blork the orc
  4575 | D:5      | Killed Linguinho's ghost
  4575 | D:5      | Reached XP level 8. HP: 59/64 MP: 8/8
  4641 | D:5      | Found a shimmering altar of Xom.
  4648 | D:5      | Killed Pikel
  4648 | D:5      | Reached skill level 8 in Maces & Flails
  4657 | D:5      | Reached **** piety under Trog
  5158 | D:5      | Noticed Duvessa
  5181 | D:5      | Killed Duvessa
  5181 | D:5      | Reached skill level 9 in Maces & Flails
  5380 | D:5      | HP: 2/67 [Dowan/dagger of electrocution (15)]
  5380 | D:5      | Killed from afar by Dowan

Skill      XL: |  1  2  3  4  5  6  7  8 |
---------------+-------------------------+-----
Maces & Flails | 3 4 5 6 7 9 |  9.1
Fighting       | 4 5 6 7 |  7.2
Armour         | |  1.7
Dodging        | |  1.7

Action                   |  1- 3 |  4- 6 |  7- 9 || total
-------------------------+-------+-------+-------++-------
Melee: Mace              |    76 |   174 |       ||   250
       Flail             |       |   120 |    86 ||   206
       Dire flail        |       |       |    72 ||    72
       Unarmed           |       |       |    12 ||    12
Invok: Berserk           |     1 |     7 |     9 ||    17
  Use: Scroll            |       |    14 |     6 ||    20
       Potion            |       |       |     2 ||     2
 Stab: Sleeping          |     2 |       |       ||     2
  Eat: Chunk             |     2 |    13 |    11 ||    26
       Royal jelly       |       |       |     2 ||     2
Armor: Animal skin       |     2 |       |       ||     2
       Leather armour    |    14 |       |       ||    14
       Ring mail         |    12 |    38 |       ||    50
       Scale mail        |       |   157 |   116 ||   273
       Plate armour      |       |     3 |       ||     3
Dodge: Dodged            |    47 |   191 |    93 ||   331
Block: Buckler           |       |    24 |    17 ||    41
